 Dungeon Crawl Stone Soup version 0.19-a0-1201-gda63bca (webtiles) character file.

222 mopl the Skirmisher (level 5, -4/57 HPs)
             Began as an Ogre Arcane Marksman on Aug 20, 2016.
             Slain by a gnoll
             ... wielding a +2 spear of venom
              (9 damage)
             ... on level 4 of the Dungeon.
             The game lasted 00:08:01 (4254 turns).

mopl the Skirmisher (Ogre Arcane Marksman)          Turns: 4254, Time: 00:08:02

Health: -4/57      AC:  4    Str: 14 (16) XL:     5   Next: 99%
Magic:  6/6        EV: 12    Int: 14 (17) God:
Gold:   44         SH:  0    Dex:  7 (10) Spells: 1 memorised, 5 levels left

rFire  . . .     SeeInvis .     p - +2 dagger (venom)
rCold  . . .     Gourm    .     q - +1 animal skin
rNeg   . . .     Faith    .     (no shield)
rPois  .         Spirit   .     (helmet restricted)
rElec  .         Dismiss  .     (no cloak)
rCorr  .         Reflect  .     (gloves unavailable)
MR     .....     Harm     .     (boots unavailable)
Stlth  +......... Rnd*Tele +    (no amulet)
                                l - ring of teleportation (curse)
                                e - +2 ring of evasion (curse)

@: brilliant
A: unfitting armour, tough skin 1
a: no special abilities


You were on level 4 of the Dungeon.
You were not hungry.

You visited 1 branch of the dungeon, and saw 4 of its levels.

You collected 44 gold pieces.

Inventory:

Hand Weapons
 a - a +0 club
 j - a +0 spear
 p - a +2 dagger of venom (weapon)
Missiles
 c - 3 large rocks
 d - 2 throwing nets
 g - 48 stones (quivered)
 s - 17 poisoned needles
Armour
 q - a +1 animal skin (worn)
Jewellery
 e - a cursed +2 ring of evasion (left hand)
 i - an uncursed ring of ice {unknown}
 l - a cursed ring of teleportation (right hand)
 m - an uncursed ring of resist corrosion {unknown}
Scrolls
 k - 2 scrolls of magic mapping
 t - a scroll of identify
Potions
 h - 3 potions of curing
 n - a potion of flight
 o - 2 potions of cancellation
Books
 b - a book of Debilitation

   Spells                             Type                      Level
   a - Corona                         Hexes                        1
   b - Slow                           Hexes                        2
   c - Gell's Gravitas                Hexes/Translocation          3
   d - Inner Flame                    Hexes/Fire                   3
   e - Cause Fear                     Hexes                        4
   f - Leda's Liquefaction            Hexes/Earth                  4
Comestibles
 f - 2 bread rations
 r - 2 meat rations
 v - 7 chunks of flesh


   Skills:
 + Level 5.0 Fighting
 * Level 3.4 Maces & Flails
 + Level 3.7 Throwing
 - Level 1.7 Dodging
 - Level 1.2 Spellcasting
 - Level 2.1 Hexes


You had 5 spell levels left.
You knew the following spells:

 Your Spells              Type           Power        Failure   Level  Hunger
a - Corona                Hex            ###....      1%          1    ##.....


Dungeon Overview and Level Annotations

Branches:
Dungeon (4/15)
 Temple: D:4-7

Altars:
Cheibriados
Yredelemnul


Innate Abilities, Weirdness & Mutations

You are too large for most types of armour.
You have tough skin. (AC +1)


Message History

* * * LOW HITPOINT WARNING * * *
A gnoll and a gnoll shaman come into view.
The gnoll is wielding a spear of venom.
The gnoll shaman shouts!
The gnoll shouts!
There is an open door here.
Unknown command.
It was a potion of degeneration.
There was something very wrong with that liquid.
You feel weakened.
You feel dopey.
You feel clumsy. The gnoll shaman hits you with a club.
* * * LOW HITPOINT WARNING * * *
The gnoll closely misses you. The gnoll barely misses you.
The gnoll shaman calls upon its god to speed up the gnoll.
The gnoll seems to speed up.
It was a potion of brilliance.
You feel clever all of a sudden. The gnoll shaman hits you with a club.
* * * LOW HITPOINT WARNING * * *
The gnoll hits you from afar with a spear of venom!
You die...

##### ### #...$
... ....########
...
...........#....
#....g.$(.≈g.
#..gg..g..≈≈.
#gggg.O.#.$..
#@####### ###
#..g..g.+
#.......#
#.......#
#########++++#####
...............!
≈≈≈≈≈≈≈....≈≈≈≈≈
≈≈≈≈≈≈≈....≈≈≈≈≈
≈≈≈≈≈≈≈...h≈≈≈≈≈


You could see an ogre, 3 gnoll shamans and 7 gnolls.

Vanquished Creatures
  A worker ant (D:4)
  Robin (D:1)
  5 gnolls
  4 adders
  4 oozes
  2 worms (D:2)
  2 dart slugs (D:1)
  2 giant geckos
  An orc (D:3)
  2 ball pythons
  4 giant cockroaches
  15 goblins
  5 hobgoblins
  8 jackals
  4 kobolds
  11 bats
  2 giant newts
  7 rats
80 creatures vanquished.

Notes
Turn   | Place    | Note
-------+----------+-------------------------------------------
     0 | D:1      | mopl the Ogre Arcane Marksman began the quest for the Orb.
     0 | D:1      | Reached XP level 1. HP: 19/19 MP: 2/2
   310 | D:1      | Reached skill level 2 in Fighting
   552 | D:1      | Reached skill level 3 in Fighting
   552 | D:1      | Reached XP level 2. HP: 23/31 MP: 3/3
   953 | D:1      | Reached XP level 3. HP: 31/39 MP: 4/4
  1300 | D:2      | Noticed Robin
  1611 | D:2      | Reached skill level 4 in Fighting
  2163 | D:1      | Reached XP level 4. HP: 39/48 MP: 5/5
  2266 | D:1      | Killed Robin
  2371 | D:1      | Reached skill level 1 in Maces & Flails
  2751 | D:2      | Reached skill level 3 in Throwing
  3069 | D:2      | Reached skill level 2 in Maces & Flails
  3111 | D:2      | Reached XP level 5. HP: 45/55 MP: 6/6
  3284 | D:3      | Found a snail-covered altar of Cheibriados.
  3630 | D:3      | Found a basalt altar of Yredelemnul.
  4159 | D:4      | Reached skill level 3 in Maces & Flails
  4232 | D:4      | Reached skill level 5 in Fighting
  4248 | D:4      | Noticed an ogre
  4254 | D:4      | Slain by a gnoll

Vault maps used:
D:1:      minmay_arrival_four_loops
D:2:      first_bread, uniq_robin
D:3:      lemuel_doored_altar, lemuel_crystal_altar
D:4:      lemuel_castle_with_subvaults

Skill      XL: |  1  2  3  4  5 |
---------------+----------------+-----
Fighting       | 3 4 5 |  5.0
Maces & Flails | 2 3 |  3.4
Throwing       | 3 |  3.7
Dodging        | |  1.7
Spellcasting   | |  1.2
Hexes          | |  2.1

Action                   |  1- 3 |  4- 6 || total
-------------------------+-------+-------++-------
Melee: Spear             |   128 |       ||   128
       Club              |    21 |     9 ||    30
       Dagger            |       |   159 ||   159
Throw: Stone             |     2 |       ||     2
       Throwing net      |       |     2 ||     2
       Large rock        |       |     1 ||     1
  Use: Scroll            |     4 |     4 ||     8
       Potion            |       |     2 ||     2
 Stab: Sleeping          |       |     1 ||     1
  Eat: Chunk             |     4 |     7 ||    11
Armor: Robe              |    41 |     1 ||    42
       Animal skin       |       |    37 ||    37
Dodge: Dodged            |   119 |   119 ||   238
